 Dungeon Crawl Stone Soup version 0.29.1-2-gbd0b4ee654 (webtiles) character file.

Game seed: 4818821741412872184

18033 MisterFreud the Cruncher (level 12, -1/97 HPs)
             Began as a Formicid Gladiator on Nov 1, 2022.
             Was an Initiate of Yredelemnul.
             Slain by a death yak (14 damage)
             ... on level 2 of the Lair of Beasts.
             The game lasted 00:15:29 (14246 turns).

MisterFreud the Cruncher (Formicid Gladiator)      Turns: 14246, Time: 00:15:30

Health: -1/97      AC: 18    Str: 23    XL:     12   Next: 90%
Magic:  18/18      EV:  9    Int:  7    God:    Yredelemnul [......]
Gold:   743        SH:  0    Dex: 17    Spells: 11/11 levels left

rFire   . . .      SeeInvis +   N - +7 lajatang of Order {silver, rMut}
rCold   . . .      Faith    .   (no shield)
rNeg    . . .      Spirit   .   j - +0 chain mail
rPois   .          Reflect  .   (helmet unavailable)
rElec   .          Harm     .   e - +0 cloak
rCorr   .          Rampage  .   P - +0 pair of gloves
rMut    +                       (no boots)
Will    ++...                   D - amulet of Vitality {RegenMP++ Regen++}
Stlth   ..........              F - ring of willpower
HPRegen 1.86/turn               s - +4 ring of protection
MPRegen 0.96/turn

@: no status effects
A: permanent stasis, dig shafts and tunnels, antennae 3, four strong arms
a: Dig, Shaft Self, Renounce Religion, Recall Undead Harvest


You were on level 2 of the Lair of Beasts.
You worshipped Yredelemnul.
Yredelemnul was aware of your devotion.
You visited 3 branches of the dungeon, and saw 14 of its levels.
You also visited: Ossuary.

You collected 743 gold pieces.

Inventory:

Hand Weapons
 a - a +1 quarterstaff
 o - a +1 lajatang of freezing
 N - the +7 lajatang of Order (weapon) {silver, rMut}
   (You acquired it on level 5 of the Dungeon)

   It inflicts extra damage upon those it strikes, and deals substantially
   increased damage to chaotic, mutated and magically transformed beings.
   rMut:      It protects you from mutation.
Missiles
 c - 4 throwing nets (quivered)
 d - a javelin
 l - 28 poisoned darts
 p - 5 boomerangs
 t - 4 datura-tipped darts
 w - 4 curare-tipped darts
 K - 4 silver javelins
Armour
 b - a +1 leather armour
 e - a +0 cloak (worn)
 j - a +0 chain mail (worn)
 E - +0 acid dragon scales
 P - a +0 pair of gloves (worn)
Jewellery
 i - a ring of flight
 r - an amulet of guardian spirit
 s - a +4 ring of protection (right hand)
 v - a ring of resist corrosion
 y - a ring of fire
 D - the amulet of Vitality (around neck) {RegenMP++ Regen++}
   (You found it on level 1 of the Lair of Beasts)

   [amulet of magic regeneration]

   It increases your rate of magic regeneration.
   Regen:     It increases your rate of health regeneration.
 F - a ring of willpower (left hand)
 L - a +6 ring of strength
Wands
 u - a wand of digging (1)
 B - a wand of mindburst (19)
 H - a wand of quicksilver (7)
Scrolls
 m - a scroll of immolation
 n - a scroll of magic mapping
 q - 2 scrolls of silence
 C - a scroll of identify
 I - a scroll of amnesia
Potions
 f - a potion of heal wounds
 g - a potion of flight
 h - 11 potions of curing
 k - a potion of attraction
 x - a potion of cancellation
 z - 5 potions of mutation
 A - 2 potions of magic
 G - a potion of might
 J - a potion of resistance
 M - 2 potions of brilliance
Miscellaneous
 O - a piece from Xom's chessboard (15/15)


   Skills:
 - Level 10.0 Fighting
 - Level 14.0 Staves
 - Level 5.0 Throwing
 - Level 10.0 Armour
 - Level 2.6 Dodging
 + Level 8.4 Invocations
 - Level 5.0 Evocations


You had 11 spell levels left.
You didn't know any spells.
Your spell library contained the following spells:

 Spells                   Type           Power      Damage    Failure   Level
 Magic Dart               Conj           0%         1d3       95%         1
 Sting                    Tmut/Pois      0%         1d3       95%         1
 Call Imp                 Summ           0%         N/A       99%         2
 Poisonous Vapours        Pois/Air       0%         N/A       99%         2
 Call Canine Familiar     Summ           0%         N/A       100%        3
 Mephitic Cloud           Conj/Pois/Air  0%         N/A       100%        3
 Portal Projectile        Hex/Tloc       0%         N/A       100%        3
 Cause Fear               Hex            0%         N/A       100%        4
 Hailstorm                Conj/Ice       0%         3d3       100%        4
 Ice Form                 Ice/Tmut       0%         N/A       100%        4
 Leda's Liquefaction      Hex/Erth       0%         N/A       100%        4
 Olgreb's Toxic Radiance  Pois           0%         N/A       100%        4
 Dragon Form              Tmut           0%         N/A       100%        7
 Dragon's Call            Summ           0%         N/A       100%        9
 Simulacrum               Ice/Necr       Unusable   N/A       N/A         6

Dungeon Overview and Level Annotations

Branches:
Dungeon (10/15)            Temple (1/1) D:4            Lair (3/5) D:9
  Swamp (0/4) Lair:2       Spider (0/4) Lair:3      Ossuary (visited)
    Orc: D:9-12

Altars:
Ashenzari
Cheibriados
Dithmenos
Elyvilon
Fedhas
Gozag
Hepliaklqana
Kikubaaqudgha
Makhleb
Nemelex Xobeh
Okawaru
Qazlal
Ru
Sif Muna
Trog
Uskayaw
Vehumet
Wu Jian
Xom
Yredelemnul
Zin
The Shining One

Annotations:
Lair:3 Aryth's ghost, journeyman GnWn


Innate Abilities, Weirdness & Mutations

You cannot be hasted, slowed, berserked, paralysed or teleported.
You can dig through walls and to a lower floor.
You have a pair of large antennae on your head. (SInv)
Your four strong arms can wield two-handed weapons with a shield.


Message History

Your death yak zombie gores the death yak but does no damage.
You can no longer drain ambient life force.
Your blink frog zombie hits the death yak!
The death yak completely misses your death yak zombie.
Your death yak zombie barely misses the death yak.
Your blink frog zombie hits the death yak.
Your death yak zombie gores the death yak.
The death yak dies!
Your Invocations skill increases to level 8!
Your death yak zombie is no longer encased in ice.
A flash freeze appears from out of your range of vision.
The flash freeze hits your death yak zombie!
Your death yak zombie partially resists.
Your death yak zombie is flash-frozen.
Your blink frog zombie hits the death yak!
Your blink frog zombie hits the death yak!
There is a stone staircase leading up, spattered with blood here.
The death yak gores you.
You climb upwards.
There is a stone staircase leading down here.
You hit the death yak but do no damage.
The death yak is moderately wounded.
The death yak gores you!!
* * * LOW HITPOINT WARNING * * *
You barely miss the death yak.
The death yak is moderately wounded.
You slash the death yak!
The death yak is heavily wounded.
The death yak gores you but does no damage.
You slash the death yak!
The death yak is severely wounded.
The death yak gores you!
* * * LOW HITPOINT WARNING * * *
You slice the death yak!!
The death yak is almost dead.
You hit the death yak but do no damage.
The death yak is almost dead.
The death yak gores you!
You die...
Your body rises from the dead as a mindless zombie.

#### ##### ##############PP#
######
..#P####.#.##..........###..#.# #
...............P#.##.#.##[...####
..................####.##.#.#<...
#######..###..#..#.# #.##......P#
# ###.## ##.##.Y####.##....#P##
####...# ##.##@###.#..##.#####
##......## #P.....#.....#..##
#..P.###.# #..##............##
##...# ### ##...#..#....P#.#.##
#.### #.........P....#..# ##..#
##.#.P..#...#..#.## #P.##
###P#####...##.## #...# ###
#.####.# ##..# #.#.##.#


You could see a death yak.

Vanquished Creatures
  A hydra (Lair:1)
  2 death yaks (Lair:3)
  Urug (Lair:2)
  The ghost of ioannis32 the Chopper, a novice DsBe of Trog (D:6)
  A black mamba (Lair:1)
  3 cane toads
  Maggie (D:8)
  A komodo dragon (Lair:1)
  3 kobold demonologists (D:9)
  7 blink frogs
  Sigmund (D:5)
  Eustachio (D:5)
  33 yaks
  A wyvern (D:9)
  Edmund (D:4)
  An acid dragon (D:9)
  2 water moccasins
  An orc warrior (D:7)
  An ice beast (D:7)
  A black bear (D:6)
  A sky beast (D:6)
  2 ogres
  2 centaurs
  A phantom (D:7)
  7 kobold brigands
  2 elf zombies (Ossuary)
  10 bullfrogs
  A necrophage (D:6)
  A scorpion (D:5)
  8 wights
  10 killer bees (D:9)
  3 howler monkeys
  4 centaur zombies (Ossuary)
  3 orc priests
  2 jellies (D:7)
  5 hounds
  2 human zombies (Ossuary)
  2 gnoll boudas
  4 iguanas
  3 orc wizards
  2 mummies (Ossuary)
  12 gnolls
  15 adders
  2 white imps
  2 ufetubi (D:5)
  4 worms
  2 dart slugs
  20 orcs
  5 ball pythons
  9 endoplasms
  3 giant cockroaches
  4 goblins
  7 hobgoblins
  13 jackals
  5 quokkas
  4 bats
  3 frilled lizards
  8 hobgoblin zombies (Ossuary)
  3 jackal zombies (Ossuary)
  25 kobolds
  9 kobold zombies (Ossuary)
  9 orc zombies (Ossuary)
  A rat (D:2)
304 creatures vanquished.

Vanquished Creatures (collateral kills)
  2 death yaks (Lair:3)
  A blink frog (Lair:3)
  2 yaks (Lair:1)
5 creatures vanquished.

Vanquished Creatures (others)
  A blink frog zombie (Lair:3)
  22 fungi
  14 plants
37 creatures vanquished.

Grand Total: 346 creatures vanquished

Notes
Turn   | Place    | Note
-------+----------+-------------------------------------------
     0 | D:1      | MisterFreud the Formicid Gladiator began the quest for the
                  | Orb.
     0 | D:1      | Reached XP level 1. HP: 16/16 MP: 1/1
   221 | D:1      | Reached XP level 2. HP: 13/22 MP: 2/2
  1154 | D:2      | Reached skill level 4 in Staves
  1154 | D:2      | Reached XP level 3. HP: 23/27 MP: 3/3
  1355 | D:2      | Found a hide-covered altar of Uskayaw.
  1426 | D:2      | Found a faded altar of an unknown god.
  1446 | D:2      | Reached XP level 4. HP: 31/33 MP: 4/4
  2182 | D:3      | Reached skill level 5 in Staves
  2576 | D:3      | Reached XP level 5. HP: 33/38 MP: 5/5
  2998 | D:3      | Reached skill level 8 in Staves
  2998 | D:3      | Reached XP level 6. HP: 55/55 MP: 6/6
  3435 | D:4      | Noticed Edmund
  3440 | D:4      | You are sucked into a shaft and drop 1 floor!
  3440 | D:5      | Entered Level 5 of the Dungeon
  3520 | D:5      | Noticed Eustachio
  3534 | D:4      | Found a staircase to the Ecumenical Temple.
  3547 | D:4      | Reached skill level 5 in Throwing
  3548 | Temple   | Entered the Ecumenical Temple
  3824 | D:4      | Reached XP level 7. HP: 45/60 MP: 7/7
  4050 | D:4      | Killed Edmund
  4662 | D:5      | Killed Eustachio
  4663 | D:5      | Reached skill level 9 in Staves
  4663 | D:5      | Reached XP level 8. HP: 52/68 MP: 8/8
  4791 | D:5      | You are sucked into a shaft and drop 1 floor!
  4934 | D:5      | Noticed a yak
  4935 | D:5      | Noticed a yak
  4938 | D:5      | Noticed a yak
  4964 | D:5      | Noticed a yak
  4965 | D:5      | You are sucked into a shaft and drop 1 floor!
  5221 | D:6      | Found a runed translucent door.
  5224 | D:6      | Noticed ioannis32's ghost (novice DsBe)
  5809 | D:6      | Reached XP level 9. HP: 59/74 MP: 6/9
  6222 | D:5      | You are sucked into a shaft and drop 1 floor!
  6491 | D:6      | Reached skill level 10 in Staves
  6576 | D:6      | Killed ioannis32's ghost
  6780 | D:7      | Reached skill level 11 in Staves
  6891 | D:7      | Reached XP level 10. HP: 73/80 MP: 8/10
  6919 | D:7      | Found a snail-covered altar of Cheibriados.
  7101 | D:7      | Found a sand-covered staircase.
  7110 | Ossuary  | Entered an ossuary
  7787 | D:8      | Found an opulent altar of Gozag.
  7883 | D:8      | Found a shadowy altar of Dithmenos.
  7948 | D:8      | Noticed Maggie
  7952 | D:8      | Killed Maggie
  7953 | D:8      | Reached skill level 12 in Staves
  8201 | D:8      | Found a broken altar of Ashenzari.
  8357 | D:8      | Found an ancient bone altar of Kikubaaqudgha.
  8558 | D:9      | You are sucked into a shaft and drop 1 floor!
  8558 | D:10     | Entered Level 10 of the Dungeon
  9056 | D:9      | Reached skill level 13 in Staves
  9272 | D:9      | Found a staircase to the Lair.
  9374 | D:9      | Noticed a kobold demonologist
  9374 | D:9      | Noticed a kobold demonologist
  9376 | D:9      | Noticed a kobold demonologist
  9394 | D:9      | Killed a kobold demonologist
  9395 | D:9      | Reached XP level 11. HP: 78/86 MP: 11/11
 10746 | Lair:1   | Entered Level 1 of the Lair of Beasts
 10754 | Lair:1   | Reached skill level 14 in Staves
 10920 | Lair:1   | Found the amulet of Vitality {RegenMP++ Regen++}
 11241 | Lair:1   | Noticed a five-headed hydra
 11254 | Lair:1   | You fall into a shaft and drop 1 floor!
 11581 | Lair:2   | Found a staircase to the Swamp.
 12154 | Lair:2   | Noticed Urug
 12163 | Lair:2   | Killed Urug
 12284 | Lair:1   | Killed a five-headed hydra
 12285 | Lair:1   | Reached XP level 12. HP: 67/97 MP: 12/12
 12363 | Lair:1   | Reached skill level 10 in Fighting
 12363 | Lair:1   | Reached skill level 10 in Armour
 12367 | Lair:1   | Reached skill level 1 in Evocations
 12886 | D:5      | Found a basalt altar of Yredelemnul.
 12908 | D:5      | Became a worshipper of Yredelemnul the Dark
 12976 | D:5      | Identified a scroll of acquirement
 12976 | D:5      | Acquired the +7 lajatang of Order {silver, rMut}
 12976 | D:5      | Found the +7 lajatang of Order {silver, rMut}
 12978 | D:5      | Noticed Sigmund
 12984 | D:5      | Killed Sigmund
 13006 | D:5      | Found a blossoming altar of Fedhas.
 13422 | Lair:1   | Reached * piety under Yredelemnul
 13433 | Lair:1   | Reached skill level 5 in Evocations
 13595 | Lair:1   | Reached ** piety under Yredelemnul
 13604 | Lair:1   | Reached *** piety under Yredelemnul
 13609 | Lair:1   | Reached **** piety under Yredelemnul
 13616 | Lair:1   | Reached ***** piety under Yredelemnul
 14184 | Lair:3   | Noticed a seven-headed hydra
 14185 | Lair:3   | Noticed a death yak
 14185 | Lair:3   | Noticed a four-headed hydra
 14196 | Lair:3   | Reached skill level 5 in Invocations
 14205 | Lair:3   | Noticed Aryth's ghost (journeyman GnWn)
 14214 | Lair:3   | Noticed a death yak
 14215 | Lair:3   | Noticed a death yak
 14215 | Lair:3   | Noticed a death yak
 14216 | Lair:3   | Found a hole to the Spider Nest.
 14216 | Lair:3   | Noticed a death yak
 14217 | Lair:3   | Noticed a death yak
 14220 | Lair:3   | Killed a death yak
 14224 | Lair:3   | Killed a death yak
 14231 | Lair:3   | Killed a death yak
 14233 | Lair:3   | Killed a death yak
 14246 | Lair:2   | Slain by a death yak

Illustrated notes

Levels and vault maps discovered:
D:1:      wander_arrival_fairy_ring, layout_rooms, chequers_big_river
D:2:      layout_loops_cross, basic_altar, hellmonk_ecumenical_altar_zigzags
D:3:      layout_loops_ring, kennysheep_generic_room_6
D:4:      layout_cave_pools, minmay_temple_entry_grid,
          chequers_decorated_corner, uniq_edmund
D:5:      layout_basic, mainiacjoe_overflow_cross_hatched, fedhas_altar_4,
          abandoned_shop, uniq_eustachio, uniq_sigmund
D:6:      layout_basic, ebering_ghost_sewer_d
D:7:      layout_rooms, lemuel_tele_altar, nicolae_ossuary_entry_ruins
D:8:      layout_loops_ring, mainiacjoe_overflow_alcove_4, lemuel_crystal_altar,
          nicolae_overflow_hidden_temple, amcnicky_altar_gilded, uniq_maggie
D:9:      layout_basic, dpeg_oklobed_lair, corexii_hall_statues_deadend
D:10:     layout_rooms, minivault_16, uniq_amaemon
Temple:   eino_wide_crystal_templ
Lair:1:   layout_layer_cave
Lair:2:   layout_loops_ring, swamp_mist, uniq_urug
Lair:3:   regret_index_combs_of_tragedy, layout_misc_corridors,
          spider_nest_entry_web_field, gammafunk_ghost_arena, basic_altar,
          uniq_fannar

Skill      XL: |  1  2  3  4  5  6  7  8  9 10 11 12 |
---------------+-------------------------------------+-----
Staves         | 4 5 8 9 11 13 14 | 14.0
Fighting       | 7 8 9 10 | 10.0
Throwing       | 4 5 |  5.0
Armour         | 6 7 8 9 10 | 10.0
Evocations     | 5 |  5.0
Invocations    | 8 |  8.4
Dodging        | |  2.6

Action                   |  1- 3 |  4- 6 |  7- 9 | 10-12 || total
-------------------------+-------+-------+-------+-------++-------
Melee: Quarterstaff      |    69 |   128 |   162 |     5 ||   364
       Punch             |       |     2 |     3 |     8 ||    13
       Lajatang          |       |       |   155 |   551 ||   706
Throw: Dart              |       |       |       |     2 ||     2
 Abil: Shaft Self        |       |     1 |     2 |     2 ||     5
  Use: Scroll            |       |    11 |     3 |    15 ||    29
       Potion            |       |     1 |       |       ||     1
 Stab: Sleeping          |     1 |       |       |       ||     1
       Distracted        |       |       |       |     2 ||     2
Armor: Leather armour    |    19 |    40 |    23 |       ||    82
       Chain mail        |       |       |   172 |   279 ||   451
Dodge: Dodged            |    37 |    67 |   131 |   230 ||   465
